 Dungeon Crawl Stone Soup version 0.31-a0-675-g238779eb0a (webtiles) character file.

Game seed: 9599990688041757874

51 qw the Shooter (level 3, -1/23 HPs)
             Began as a Gargoyle Hunter on Sept 5, 2023.
             Slain by a goblin
             ... wielding a +0 dagger
             ... led by Robin
              (3 damage)
             ... on level 2 of the Dungeon.
             The game lasted 00:00:21 (861 turns).

qw the Shooter (Gargoyle Hunter)                     Turns: 861, Time: 00:00:22

Health: -1/23      AC:  7    Str: 14    XL:     3   Next: 81%
Magic:  3/3        EV: 11    Int:  9    God:
Gold:   71         SH:  0    Dex: 15    Spells: 2/2 levels left

rFire   . . .        Y - +0 shortbow
rCold   . . .        (shield currently unavailable)
rNeg    + . .        c - +0 leather armour
rPois   inf          (no helmet)
rElec   +            (no cloak)
rCorr   .            (no gloves)
SInv    .            e - +0 pair of boots
Will    .....        (no amulet)
Stlth   ++           (no ring)
HPRegen 0.23/turn    (no ring)
MPRegen 0.08/turn

%: no passive effects
@: no status effects
A: sickness immunity, AC +3, negative energy resistance 1, electricity
resistance, torment resistance 1, petrification resistance
a: no special abilities


You were on level 2 of the Dungeon.
You visited 1 branch of the dungeon, and saw 2 of its levels.

You collected 71 gold pieces.


Innate Abilities, Weirdness & Mutations

You are immune to sickness and miasma.
Your stone body is resilient. (AC +3)
You are immune to poison.
You resist negative energy. (rN+)
You are resistant to electric shocks. (rElec)
You are resistant to unholy torment.
You are immune to petrification.


   Skills:
 - Level 3.0 Fighting
 + Level 5.0 Ranged Weapons
 - Level 1.5 Dodging
 - Level 1.1 Stealth


You had 2 spell levels left.
You didn't know any spells.
Your spell library was empty.

Inventory:

Hand Weapons
 Y - a +0 shortbow (weapon)
Armour
 c - a +0 leather armour (worn)
 e - a +0 pair of boots (worn)
Scrolls
 a - a scroll of teleportation {unknown}
 b - a scroll of identify
Potions
 g - a potion of curing {unknown}

Dungeon Overview and Level Annotations

Branches:
Dungeon (2/15)

Altars:

Annotations:
D:2 Robin


Message History

The goblin is severely wounded.
The goblin closely misses you. Robin throws the goblin at you!
The goblin hits you with a +0 club. The goblin hits you but does no damage.
You shoot an arrow. The arrow hits the goblin.
You kill the goblin!
The goblin hits you but does no damage. x3
You shoot an arrow. The arrow closely misses the goblin.
The arrow barely misses the goblin.
The arrow hits the kobold.
You kill the kobold!
The goblin hits you with a +0 dagger. The goblin hits you but does no damage.
The goblin closely misses you. The goblin barely misses you.
You shoot an arrow. The arrow hits the goblin.
The goblin is moderately wounded.
The goblin hits you but does no damage. The goblin closely misses you.
The goblin barely misses you. The goblin hits you with a +0 club.
You shoot an arrow. The arrow hits the goblin.
You kill the goblin!
The goblin completely misses you. The goblin hits you with a +0 dagger.
The goblin barely misses you. The goblin hits you with a +0 club.
The goblin barely misses you. The goblin hits you but does no damage.
The goblin hits you with a +0 dagger. Robin throws the goblin at you!
You shoot an arrow. The arrow hits the goblin.
You kill the goblin!
The goblin misses you. The goblin hits you but does no damage.
The goblin closely misses you. The goblin hits you but does no damage.
Your Fighting skill increases to level 3!
You shoot an arrow. The arrow hits Robin.
Robin is moderately wounded.
The goblin barely misses you.
The goblin hits you but does no damage. x2
Robin hits you with a +0 dagger. The goblin hits you but does no damage.
You shoot an arrow. The arrow hits Robin.
Robin is severely wounded.
The goblin hits you but does no damage. The goblin hits you with a +0 club.
The goblin barely misses you. Robin hits you but does no damage.
The goblin hits you but does no damage.
You shoot an arrow. The arrow hits Robin.
Robin is severely wounded.
The goblin barely misses you. The goblin hits you but does no damage.
The goblin hits you with a +0 dagger.
You die...

#.......###...##
#.......# ###..##
...... ........#
###..# ....).
#########
#...###.(.).. ..##
#.### ...)... #..#
#.# ..).).. ##.#
#.####.......
##.##### ##...ggg..#
.......####..###@###
#...##..#....##gg#
.....##.....##).##
#.#..(...#.....##
#........##..###
.###........%...
..#......#........
#................#
#.##..<%..#####...#


You could see Robin and 4 goblins.

Vanquished Creatures
  An adder (D:2)
  An ufetubus (D:2)
  A worm (D:2)
  2 bats (D:1)
  3 endoplasms
  9 goblins
  4 hobgoblins
  5 kobolds
  A quokka (D:1)
  2 ball pythons
  2 rats (D:2)
31 creatures vanquished.

Notes
Turn   | Place    | Note
-------+----------+-------------------------------------------
     0 | D:1      | qw the Gargoyle Hunter began the quest for the Orb.
     0 | D:1      | Reached XP level 1. HP: 12/12 MP: 1/1
     0 | D:1      | 0 ||| qw: Version: 0.3-a-75-g829b12e
     0 | D:1      | 0 ||| qw: Game counter: 132
     0 | D:1      | 0 ||| qw: Melee chars always use a shield: true
     0 | D:1      | 0 ||| qw: God list: Okawaru
     0 | D:1      | 0 ||| qw: Allow faded altars: false
     0 | D:1      | 0 ||| qw: Do Orc after clearing Dungeon:15 true
     0 | D:1      | 0 ||| qw: Do second Lair branch before Depths: true
     0 | D:1      | 0 ||| qw: Lair rune preference: random
     0 | D:1      | 0 ||| qw: Goals: Normal
     0 | D:1      | 0 ||| PLANNING D:1-11
   111 | D:1      | Reached XP level 2. HP: 17/17 MP: 2/2
   487 | D:1      | 487 ||| UPGRADING to +0 pair of boots.
   492 | D:1      | 492 ||| READING 2 scrolls labelled DEIRGH JOANN.
   593 | D:1      | 593 ||| READING scroll labelled SIAMIESSIP.
   594 | D:1      | 594 ||| READING scroll labelled ILIPSI HOETA.
   595 | D:1      | 595 ||| DROPPING scroll of silence.
   596 | D:1      | 596 ||| DROPPING scroll of butterflies.
   707 | D:2      | Reached skill level 5 in Ranged Weapons
   707 | D:2      | Reached XP level 3. HP: 21/21 MP: 3/3
   848 | D:2      | Noticed Robin
   857 | D:2      | HP: 3/22 [goblin/+0 dagger[Robin] (3)]
   859 | D:2      | Reached skill level 3 in Fighting
   861 | D:2      | Slain by a goblin

Levels and vault maps discovered:
D:1:      shiori_shiawase, layout_loops_ring, amcnicky_mini_rare_corridor_liquid
D:2:      layout_rooms, minmay_strange_pillars, minmay_split_cup_small,
          uniq_robin

Skill      XL: |  1  2  3 |
---------------+----------+-----
Ranged Weapons | 5 |  5.0
Fighting       | 3 |  3.0
Dodging        | |  1.5
Stealth        | |  1.1

Action                     || total
---------------------------++-------
   Fire: Shortbow          ||    83
    Use: Scroll            ||     3
 Armour: Leather armour    ||    36
  Dodge: Dodged            ||    20

Table legend:
 A = Non-vault XP
 B = Vault XP
 C = Vault XP percentage of total XP
 D = Non-vault monster count
 E = Vault monster count
 F = Vault count percentage of total count
                 A         B        C        D         E       F
            +---------+---------+-------+---------+---------+-------
      Total |      59 |      14 |  19.2 |      23 |       8 |  25.8
            +---------+---------+-------+---------+---------+-------
        D:1 |      24 |       0 |   0.0 |      14 |       0 |   0.0
        D:2 |      35 |      14 |  28.6 |       9 |       8 |  47.1
            +---------+---------+-------+---------+---------+-------
